AoeStats
← mneubourg

Arabia

509736353Analyzed
1v1 RM · 5d ago on Sep 27, 2026· 52m 28s· 2 players
Game mode
Random Map
Map size
Tiny (2 player)
Population
200
Speed
Normal
Resources
Standard
Victory
Conquest
Starting age
Dark Age
Ending age
Imperial Age
RankedLock teamsTeams togetherTeam positionsShared explorationLock speedFull tech treeHidden civsTurbo modeCheats
Victory
Defeat
🇧🇪 Wu · Belgium
804
+16
🇪🇸 Spanish · Spain
800
-16
Murciano8088
5:45 Loom
9:11 Feudal Age
10:10 Double-Bit Axe
19:34 Fletching
23:59 Castle Age
22:23 Stone Mining
40:11 Gold Mining
44:24 Town Watch
mneubourg
4:36 Loom
11:20 Feudal Age
19:47 Horse Collar
24:25 Castle Age
22:38 Fletching
22:42 Double-Bit Axe
23:31 Padded Archer Armor
24:04 Gold Mining
24:24 Stone Mining
25:26 Bodkin Arrow
25:26 Crossbowman
30:57 Light Cavalry
31:44 Heavy Plow
34:25 Gold Shaft Mining
35:12 Bloodlines
39:34 Ballistics
44:45 Imperial Age
42:40 Elite Skirmisher
44:07 Leather Archer Armor
45:34 Wheelbarrow
45:20 Bow Saw
45:56 Bracer
46:23 Arbalester
47:30 Conscription
47:39 Elite Fire Archer
49:16 Stone Shaft Mining
50:32 Pikeman
Connection lost

Rejoining the realm…

Still unreachable

The connection could not be restored.

Session expired

The server has moved on; the page needs a fresh start.